 Dungeon Crawl Stone Soup version 0.30-a0-924-g0ad0bf95bc (webtiles) character file.

Game seed: 16308814761424674683

2844 Zdeegee the Covered (level 9, 0/77 HPs)
             Began as an Armataur Warper on Mar 22, 2023.
             Was a Believer of Qazlal.
             Killed from afar by a white imp (3 damage)
             ... with a puff of frost
             ... on level 7 of the Dungeon.
             The game lasted 00:18:25 (8410 turns).

Zdeegee the Covered (Armataur Warper)               Turns: 8410, Time: 00:18:27

Health: 0/77       AC:  7    Str: 27    XL:     9   Next: 46%
Magic:  12/12      EV: 10    Int: 14    God:    Qazlal [**....]
Gold:   286        SH:  2    Dex:  9    Spells: 4/12 levels left

rFire   . . .      SeeInvis .    E - +4 whip
rCold   . . .      Faith    .    (no shield)
rNeg    . . .      Spirit   .    b - +0 leather armour
rPois   +          Reflect  .    r - +2 hat
rElec   .          Roll     +    (no cloak)
rCorr   .                        (no gloves)
Will    .....                    (no barding)
Stlth   +                        (no amulet)
HPRegen 0.32/turn                g - +6 ring of strength
MPRegen 0.13/turn                m - ring of poison resistance

@: no status effects
A: large, rugged brown scales 3, deformed body, armoured tail, roll, long
tongue, awkward tongue
a: Renounce Religion, Upheaval


You were on level 7 of the Dungeon.
You worshipped Qazlal.
Qazlal was pleased with you.
You visited 1 branch of the dungeon, and saw 8 of its levels.

You collected 286 gold pieces.

Inventory:

Hand Weapons
 a - a +0 mace
 n - a +0 flail
 v - the +5 short sword of Intimidation {heavy, rN+ Int+5}
   (You found it on level 5 of the Dungeon)

   Int:       It affects your intelligence (+5).
   rN:        It protects you from negative energy.
 y - a +0 falchion of freezing
 E - a +4 whip (weapon)
Missiles
 d - 7 boomerangs of dispersal (quivered)
 u - 6 boomerangs
 D - 3 silver boomerangs
Armour
 b - a +0 leather armour (worn)
 l - a +0 helmet
 r - a +2 hat (worn)
 s - the +1 robe "Vosiu" {Rampage +Inv rN+++ Int-5}
   (You found it on level 4 of the Dungeon)

   Int:       It affects your intelligence (-5).
   rN:        It renders you almost immune to negative energy.
   +Inv:      It lets you turn invisible.
   Rampage:   It bestows one free step when moving towards enemies.
Jewellery
 g - a +6 ring of strength (left hand)
 k - a ring of fire
 m - a ring of poison resistance (right hand)
Wands
 C - a wand of charming (12)
Scrolls
 c - 2 scrolls of blinking
 e - 3 scrolls of identify
 f - 2 scrolls of teleportation
 h - a scroll of torment
 i - 3 scrolls of amnesia
 o - 2 scrolls of fog {unknown}
 p - a scroll of enchant armour
 q - a scroll of enchant weapon
 A - a scroll of magic mapping {unknown}
Potions
 j - 2 potions of brilliance
 t - a potion of might
 w - a potion of curing
 x - a potion of mutation {unknown}
 z - 3 potions of degeneration {unknown}
 B - a potion of ambrosia {unknown}


   Skills:
 * Level 4.4 Fighting
 + Level 1.9 Long Blades
 + Level 5.3 Maces & Flails
 + Level 0.8 Throwing
 * Level 6.1 Armour
 + Level 3.2 Dodging
 + Level 1.0 Stealth
 + Level 1.1 Shields
 + Level 2.1 Spellcasting
 * Level 5.4 Translocations
 + Level 0.2 Air Magic
 * Level 5.1 Invocations
 * Level 3.7 Evocations


You had 4 spell levels left.
You knew the following spells:

 Your Spells              Type           Power      Damage    Failure   Level
a - Blink                 Tloc           32%        N/A       4%          2
b - Teleport Other        Tloc           16%        N/A       9%          3
c - Vhi's Electric Charg  Tloc/Air       18%        N/A       24%         3

Your spell library contained the following spells:

 Spells                   Type           Power      Damage    Failure   Level
 Lesser Beckoning         Tloc           32%        N/A       4%          2
 Manifold Assault         Tloc           16%        N/A       28%         4
 Static Discharge         Conj/Air       2%         2-3/arc   36%         2
 Arcjolt                  Conj/Air       0%         1d10      100%        5
 Plasma Beam              Fire/Air       0%         2x1d11    100%        5


Dungeon Overview and Level Annotations

Branches:
Dungeon (8/15)             Temple (0/1) D:5
   Lair: D:8-11

Altars:
Dithmenos
Elyvilon
Gozag
Qazlal
Uskayaw
The Shining One

Shops:
D:1 *   D:3 *   D:5 !

Annotations:
D:7 2 transporters, octoduck's ghost, novice MfGl


Innate Abilities, Weirdness & Mutations

You are completely covered in rugged brown scales. (AC +3, +7% HP)
Armour fits poorly on your strangely shaped body.
You have a long armoured tail.
You roll when moving toward enemies. (Rampage)
Your long tongue fully drains potion bottles. (2x potion effects)
Your tongue gives you trouble enunciating. (1.5x scroll delay)


Message History

You barely miss the iguana.
Your tail-slap misses the iguana.
The iguana bites you!
You barely miss the iguana.
The iguana bites you but does no damage.
You hit the iguana but do no damage.
The slime creature is engulfed in freezing vapours.
The slime creature barely misses you. The iguana bites you.
You hit the iguana.
Your tail-slap misses the iguana.
The iguana is moderately wounded.
The slime creature is engulfed in freezing vapours.
The slime creature hits you!
You barely miss the iguana.
Your tail-slap misses the iguana.
The iguana is moderately wounded.
You block the iguana's attack.
The slime creature is engulfed in freezing vapours.
The slime creature hits you!
* * * LOW HITPOINT WARNING * * *
You hit the iguana.
The iguana is heavily wounded.
The iguana bites you but does no damage.
The slime creature is engulfed in freezing vapours.
The slime creature hits you.
* * * LOW HITPOINT WARNING * * *
You hit the iguana.
The iguana is severely wounded.
The iguana bites you but does no damage.
You barely miss the iguana. You tail-slap the iguana.
You kill the iguana!
Qazlal accepts your kill. The slime creature hits you!
* * * LOW HITPOINT WARNING * * *
The white imp hits you but does no damage.
Unknown command.
You feel better.
You slurp down every last drop of the potion of curing!
The slime creature hits you!
* * * LOW HITPOINT WARNING * * *
The white imp gestures at you. The puff of frost hits you.
You die...

##..........##...#####
.............#...#
.................#
##.....####.#....# ##...##
#.#....# ##.## #.##...# #.#
##.##...# +#.#+ ##..##...#
###...###......J@#
....8........#.5.#
###...###...####.#
#.'#.#[Y##..####.###############
.. #.#5..##....................#
##.##...#.##.#.#############.#
##...##.[#.##...# #.#
##.....####.#....# #.#
............#..#.#############)#


You could see a slime creature and a white imp.

Vanquished Creatures
  Grinder (D:3)
  Sigmund (D:6)
  2 wyverns
  Menkaure (D:4)
  A steam dragon (D:7)
  A water moccasin (D:5)
  A black bear (D:7)
  3 sky beasts
  An ogre (D:7)
  A centaur (D:7)
  2 kobold brigands (D:7)
  2 bullfrogs (D:7)
  2 scorpions (D:5)
  3 jellies
  A howler monkey (D:6)
  5 hounds
  4 orc priests
  2 sleepcaps
  6 iguanas
  Natasha (thrice) (D:3)
  3 orc wizards
  Robin (D:1)
  3 adders
  A shadow imp (D:5)
  A white imp (D:7)
  2 ufetubi (D:6)
  A worm (D:5)
  5 dart slugs
  24 orcs
  3 endoplasms
  3 giant cockroaches
  8 hobgoblins
  9 jackals
  6 quokkas
  6 ball pythons
  A bat (D:2)
  7 frilled lizards
  12 goblins
  13 kobolds
  4 rats
156 creatures vanquished.

Notes
Turn   | Place    | Note
-------+----------+-------------------------------------------
     0 | D:1      | Zdeegee the Armataur Warper began the quest for the Orb.
     0 | D:1      | Reached XP level 1. HP: 18/18 MP: 3/3
    55 | D:1      | Found Eskiek's General Store.
    64 | D:1      | Reached XP level 2. HP: 25/25 MP: 4/4
   326 | D:1      | Reached skill level 1 in Invocations
   567 | D:1      | Learned a level 2 spell: Blink
   590 | D:1      | Reached XP level 3. HP: 31/31 MP: 5/5
   615 | D:1      | Found a faded altar of an unknown god.
  1059 | D:2      | Reached skill level 2 in Armour
  1298 | D:2      | Learned a level 3 spell: Teleport Other
  1495 | D:3      | Reached skill level 1 in Evocations
  1520 | D:3      | Noticed Robin
  1570 | D:3      | Reached XP level 4. HP: 22/38 MP: 6/6
  1686 | D:1      | Killed Robin
  1795 | D:3      | Found Peiptiq's General Store.
  2284 | D:4      | Noticed Natasha
  2287 | D:4      | Noticed Grinder
  2289 | D:4      | Paralysed by Grinder for 4 turns
  2304 | D:3      | Killed Natasha
  2310 | D:3      | Paralysed by something for 4 turns
  2316 | D:3      | Paralysed by something for 2 turns
  2329 | D:3      | Paralysed by Grinder for 2 turns
  2337 | D:3      | Killed Grinder
  2338 | D:3      | Reached skill level 3 in Armour
  2338 | D:3      | Reached XP level 5. HP: 21/47 MP: 7/7
  2338 | D:3      | Reached XP level 6. HP: 24/53 MP: 8/8
  2417 | D:3      | Noticed Natasha
  2427 | D:3      | Killed Natasha
  2581 | D:3      | Noticed Natasha
  2587 | D:3      | Killed Natasha
  2781 | D:4      | Noticed Menkaure
  2787 | D:4      | Killed Menkaure
  2862 | D:4      | Reached skill level 4 in Armour
  2872 | D:4      | Reached XP level 7. HP: 32/60 MP: 9/9
  2914 | D:4      | Found a stormy altar of Qazlal.
  3084 | D:4      | Became a worshipper of Qazlal Stormbringer
  3094 | D:4      | Identified the +1 robe "Vosiu" {Rampage +Inv rN+++ Int-5}
  3562 | D:5      | Entered Level 5 of the Dungeon
  3562 | D:5      | Found a staircase to the Ecumenical Temple.
  3580 | D:4      | HP: 2/60 [orc priest/+0 short sword (3)]
  3970 | D:5      | Found a white marble altar of Elyvilon.
  4030 | D:5      | HP: 1/60 [water moccasin (5)]
  4452 | D:5      | Identified the +5 short sword of Intimidation {heavy, rN+
                  | Int+5}
  4458 | D:5      | Learned a level 3 spell: Vhi's Electric Charge
  4643 | D:5      | Found Uqishiw's Distillery.
  4696 | D:5      | Reached XP level 8. HP: 49/67 MP: 7/10
  5727 | D:6      | Reached skill level 5 in Armour
  5817 | D:6      | Noticed Sigmund
  5829 | D:6      | Killed Sigmund
  6112 | D:6      | Reached * piety under Qazlal
  6200 | D:6      | Found an opulent altar of Gozag.
  6203 | D:6      | Found a hide-covered altar of Uskayaw.
  6206 | D:6      | Found a shadowy altar of Dithmenos.
  6209 | D:6      | Found a glowing golden altar of the Shining One.
  6269 | D:6      | Reached skill level 1 in Long Blades
  6431 | D:6      | Reached skill level 1 in Shields
  6990 | D:7      | Reached skill level 6 in Armour
  6990 | D:7      | Reached XP level 9. HP: 10/75 MP: 10/12
  7337 | D:7      | Found a transporter.
  7338 | D:7      | Noticed octoduck's ghost (novice MfGl)
  7353 | D:7      | Reached skill level 5 in Translocations
  7384 | D:7      | Found a transporter.
  7705 | D:7      | Noticed a two-headed ogre
  7870 | D:7      | Reached ** piety under Qazlal
  7921 | D:7      | Reached skill level 5 in Maces & Flails
  8085 | D:7      | Reached skill level 5 in Invocations
  8189 | D:7      | Reached skill level 1 in Stealth
  8409 | D:7      | HP: 2/77 [slime creature (12)]
  8410 | D:7      | Killed from afar by a white imp

Illustrated notes

Levels and vault maps discovered:
D:1:      dpeg_arrival_erosion, layout_loops_ring,
          hellmonk_ecumenical_altar_leap_of_faith, serial_shops, shop
D:2:      layout_basic
D:3:      layout_rooms, serial_shops, nicolae_shop_advertising_works
          [nicolae_subvault_shop_adworks], palyth_stone_intersect, uniq_robin
D:4:      layout_loops_cross, mainiacjoe_overflow_surrounded_room,
          portal_sewer_entry_f, uniq_grinder, uniq_menkaure, uniq_natasha
D:5:      layout_layer_cave, kennysheep_mini, minmay_temple_entry_proselytizer,
          nicolae_inconvenience_store, supply_closet_lemuel
D:6:      layout_rooms, grunt_temple_overflow_cloverleaf, uniq_sigmund
D:7:      cheibrodos_barr_body, layout_basic, gammafunk_ghost_stat_death,
          uniq_crazy_yiuf_cottage
D:8:      layout_basic, grunt_ministairs_14

Skill      XL: |  1  2  3  4  5  6  7  8  9 |
---------------+----------------------------+-----
Maces & Flails | 2 3 4 5 |  5.3
Invocations    | 1 2 3 4 5 |  5.1
Armour         | 2 3 4 6 |  6.1
Evocations     | 1 2 3 |  3.7
Fighting       | 2 3 4 |  4.4
Translocations | 4 5 |  5.4
Dodging        | 2 3 |  3.2
Long Blades    | 1 |  1.9
Shields        | 1 |  1.1
Spellcasting   | 2 |  2.1
Stealth        | 1 |  1.0
Throwing       | |  0.8
Air Magic      | |  0.2

Action                     |  1- 3 |  4- 6 |  7- 9 || total
---------------------------+-------+-------+-------++-------
  Melee: Mace              |   121 |   103 |    75 ||   299
         Tailslap          |    13 |    12 |    48 ||    73
         Punch             |       |     1 |     8 ||     9
         Flail             |       |       |   137 ||   137
         Falchion          |       |       |    81 ||    81
         Whip              |       |       |   125 ||   125
   Cast: Vhi's Electric Ch |       |       |     5 ||     5
         Blink             |       |       |     1 ||     1
         Teleport Other    |       |       |     2 ||     2
    Use: Potion            |       |     6 |     2 ||     8
         Scroll            |       |     5 |     3 ||     8
 Armour: Leather armour    |    63 |    53 |   187 ||   303
         Skin              |       |     9 |       ||     9
  Dodge: Dodged            |    78 |    67 |   192 ||   337
  Block: Other             |       |       |     8 ||     8

Table legend: (Time is in decaauts)
 A = Elapsed time spent in this place.
 B = Non-inter-level travel time spent in this place.
 C = Inter-level travel time spent in this place.
 D = Time resting spent in this place.
 E = Time spent auto-exploring this place.
 F = Levels seen in this place.
 G = Mean time per level.
                   A        B        C        D        E       F      G
               +--------+--------+--------+--------+--------+-----+--------+
         Total |   8530 |   8121 |    409 |   1789 |   4635 |   8 | 1066.2 |
       Dungeon |   8530 |   8121 |    409 |   1789 |   4635 |   8 | 1066.2 |
               +--------+--------+--------+--------+--------+-----+--------+

Top non-repeatable levels by time:
     D:7: 1463 daAuts
     D:5: 1459 daAuts
     D:4: 1414 daAuts
     D:6: 1262 daAuts
     D:3: 1026 daAuts
     D:1: 941 daAuts
     D:2: 773 daAuts
     D:8: 191 daAuts
